AoeStats
← Nahrimed

Black Forest

508514425Analyzed
4v4 RM · 11d ago on Sep 22, 2026· 124m 0s· 8 players
Game mode
Random Map
Map size
Large (8 player)
Population
200
Speed
Normal
Resources
Standard
Victory
Conquest
Starting age
Dark Age
Ending age
Imperial Age
RankedLock teamsTeams togetherTeam positionsShared explorationLock speedFull tech treeHidden civsTurbo modeCheats
Victory
Defeat
🇪🇸 Turks · Spain
582
+14
🇷🇺 Slavs · Russia
563
+15
🇩🇪 Britons · Germany
505
+17
🇵🇹 Portuguese · Portugal
436
+20
🇹🇷 Franks · Türkiye
647
-20
🇦🇷 Vietnamese · Argentina
594
-19
🇨🇱 Britons · Chile
465
-14
🇧🇴 Huns · Bolivia
448
-13
Heistergand
0:50 Loom
14:29 Feudal Age
20:45 Castle Age
20:00 Double-Bit Axe
19:56 Horse Collar
20:49 Gold Mining
22:01 Wheelbarrow
22:16 Heavy Plow
22:29 Bow Saw
24:14 Stone Mining
25:01 Gold Shaft Mining
24:29 Caravan
29:59 Ballistics
30:12 Fervor
29:51 Town Watch
30:31 Masonry
36:16 Imperial Age
36:36 Hand Cart
36:16 Fletching
36:27 Padded Archer Armor
36:38 Forging
36:28 Scale Mail Armor
36:34 Scale Barding Armor
39:24 Two-Man Saw
39:17 Conscription
41:15 Hoardings
40:01 Elite Longbowman
42:50 Warwolf
42:57 Crossbowman
44:03 Yeomen
44:38 Squires
43:58 Pikeman
44:55 Halberdier
46:38 Onager
47:59 Bodkin Arrow
48:20 Leather Archer Armor
48:40 Iron Casting
49:50 Capped Ram
49:52 Heavy Scorpion
50:40 Bracer
51:11 Ring Archer Armor
51:41 Blast Furnace
50:57 Chain Mail Armor
51:02 Chain Barding Armor
56:43 Town Patrol
57:42 Elite Skirmisher
57:50 Cranequins
59:23 Arson
65:33 Plate Mail Armor
65:38 Plate Barding Armor
65:18 Arbalester
68:27 Chemistry
67:33 Siege Engineers
67:59 Architecture
67:26 Murder Holes
67:14 Treadmill Crane
71:35 Husbandry
73:30 Cavalier
85:13 Sanctity
99:12 Fortified Wall
107:31 Sappers
109:59 Light Cavalry
123:48 Spies/Treason
Player967958935
1:38 Loom
12:20 Feudal Age
13:41 Wheelbarrow
12:53 Town Watch
13:05 Double-Bit Axe
15:18 Gold Mining
17:36 Horse Collar
20:22 Stone Mining
24:04 Castle Age
23:11 Forging
23:01 Man-at-Arms
25:21 Bow Saw
25:37 Heavy Plow
28:12 Gold Shaft Mining
28:39 Hand Cart
29:30 Squires
28:52 Long Swordsman
30:31 Fletching
31:16 Iron Casting
30:42 Scale Mail Armor
30:43 Padded Archer Armor
31:39 Pikeman
33:03 Caravan
33:29 Detinets
35:19 Sanctity
35:11 Redemption
36:21 Coinage
39:17 Imperial Age
37:20 Town Patrol
38:07 Devotion
38:03 Herbal Medicine
38:09 Atonement
38:20 Scale Barding Armor
38:21 Husbandry
38:32 Bloodlines
39:23 Cavalier
40:26 Conscription
40:54 Banking
42:59 Two-Man Saw
43:41 Druzhina
44:36 Illumination
44:27 Block Printing
44:36 Faith
45:14 Theocracy
45:45 Crop Rotation
46:12 Hoardings
45:59 Capped Ram
47:31 Murder Holes
47:58 Ballistics
48:39 Chemistry
47:50 Fortified Wall
47:51 Masonry
47:11 Elite Boyar
48:24 Crossbowman
49:07 Bodkin Arrow
49:33 Chain Barding Armor
49:19 Guard Tower
49:55 Onager
51:38 Two-Handed Swordsman
51:39 Halberdier
53:23 Blast Furnace
52:40 Chain Mail Armor
52:41 Leather Archer Armor
53:02 Plate Barding Armor
51:51 Light Cavalry
53:54 Champion
53:58 Hussar
54:00 Elite Skirmisher
54:30 Heavy Cavalry Archer
56:29 Siege Onager
56:30 Siege Ram
59:49 Plate Mail Armor
59:49 Ring Archer Armor
60:16 Heavy Scorpion
118:27 Siege Engineers
124:01 Spies/Treason
Erekian0
8:17 Loom
18:19 Feudal Age
19:51 Wheelbarrow
19:03 Town Watch
19:05 Horse Collar
19:17 Double-Bit Axe
21:47 Double-Bit Axe
26:21 Stone Mining
26:22 Gold Mining
30:21 Castle Age
31:21 Heavy Plow
31:24 Town Patrol
31:40 Hand Cart
31:43 Bow Saw
40:34 Imperial Age
40:45 Imperial Age
41:05 Man-at-Arms
41:31 Gambesons
41:33 Arson
41:09 Pikeman
42:02 Forging
41:54 Padded Archer Armor
41:54 Scale Mail Armor
42:01 Scale Barding Armor
42:18 Long Swordsman
43:41 Iron Casting
43:31 Masonry
43:02 Treadmill Crane
43:35 Fortified Wall
45:22 Crop Rotation
45:57 Two-Man Saw
46:51 Stone Shaft Mining
48:40 Architecture
55:23 Chemistry
54:15 Guard Tower
54:46 Ballistics
54:17 Heated Shot
54:23 Murder Holes
54:30 Crossbowman
56:01 Light Cavalry
56:52 Bloodlines
56:44 Husbandry
56:06 Cavalier
58:19 Thumb Ring
60:17 Chain Barding Armor
60:13 Leather Archer Armor
59:50 Fletching
60:16 Chain Mail Armor
61:04 Blast Furnace
PerkyCake117159
0:36 Loom
12:55 Feudal Age
15:04 Wheelbarrow
14:20 Double-Bit Axe
14:46 Fishing Lines
23:00 Castle Age
21:02 Horse Collar
22:12 Gold Mining
22:17 Stone Mining
22:49 Forging
22:30 Fletching
22:41 Padded Archer Armor
24:47 Gillnets
26:31 Bow Saw
28:19 Gold Shaft Mining
28:37 Caravan
29:08 Coinage
31:15 Hand Cart
31:16 Bodkin Arrow
31:38 Leather Archer Armor
32:22 Iron Casting
31:54 Scale Barding Armor
38:03 Imperial Age
36:40 Chain Barding Armor
36:38 Squires
39:55 Conscription
41:12 Artillery
44:20 Heavy Scorpion
48:14 Blast Furnace
47:15 Bracer
47:46 Ring Archer Armor
47:52 Plate Barding Armor
50:08 Elite Janissary
56:02 Heavy Camel Rider
73:40 Two-Man Saw
79:40 Bloodlines
79:31 Husbandry
82:23 Banking
82:05 Guilds
88:39 Heavy Plow
Nahrimed
0:32 Loom
12:31 Feudal Age
13:08 Double-Bit Axe
15:01 Wheelbarrow
14:15 Town Watch
24:28 Castle Age
23:07 Forging
23:04 Scale Barding Armor
25:21 Husbandry
25:58 Iron Casting
25:43 Chain Barding Armor
26:54 Hand Cart
26:33 Gold Mining
26:35 Stone Mining
27:40 Town Patrol
29:04 Gold Shaft Mining
29:18 Bow Saw
37:15 Imperial Age
37:21 Cavalier
39:38 Blast Furnace
39:24 Conscription
39:36 Caravan
41:11 Chivalry
43:02 Plate Barding Armor
42:42 Paladin
49:18 Fortified Wall
49:03 Murder Holes
49:29 Ballistics
50:09 Chemistry
49:38 Arrowslits
50:04 Masonry
51:25 Devotion
60:07 Hoardings
60:15 Architecture
95:59 Cranequins
96:47 Padded Archer Armor
96:58 Fletching
99:51 Heavy Mounted Crossbowman
102:31 Bodkin Arrow
103:22 Leather Archer Armor
NeoBoomer
9:08 Loom
9:14 Loom
16:15 Feudal Age
16:53 Town Watch
16:52 Horse Collar
17:01 Double-Bit Axe
21:32 Gold Mining
21:35 Stone Mining
24:05 Fishing Lines
34:32 Castle Age
33:09 Wheelbarrow
35:16 Forging
35:07 Scale Mail Armor
34:58 Fletching
35:08 Padded Archer Armor
35:15 Scale Barding Armor
35:25 Bow Saw
35:10 Gillnets
35:17 Pikeman
35:45 Gambesons
36:09 Heavy Plow
38:03 Treadmill Crane
38:34 Fortified Wall
38:37 Masonry
38:26 Murder Holes
38:20 Arson
38:36 Squires
37:58 Man-at-Arms
41:51 Leather Archer Armor
43:48 Ballistics
44:19 Yeomen
47:16 Hand Cart
47:04 Town Patrol
48:39 Gold Shaft Mining
48:13 Bodkin Arrow
48:33 Leather Archer Armor
56:05 Imperial Age
57:09 Conscription
56:12 Elite Longbowman
57:00 Bracer
57:32 Ring Archer Armor
60:08 Chemistry
59:39 Architecture
64:26 Two-Man Saw
65:31 Siege Engineers
65:21 Arrowslits
wfcwilly
5:47 Loom
13:34 Feudal Age
14:22 Horse Collar
14:42 Double-Bit Axe
17:06 Wheelbarrow
Sir Pepe84
0:39 Loom
13:54 Feudal Age
14:22 Double-Bit Axe
14:20 Horse Collar
14:33 Stone Mining
15:29 Wheelbarrow
15:38 Wheelbarrow
14:56 Gold Mining
14:53 Town Watch
17:13 Town Watch
17:19 Fishing Lines
19:57 Fletching
21:06 Town Watch
26:05 Castle Age
25:09 Man-at-Arms
25:36 Arson
26:06 Forging
25:56 Scale Mail Armor
25:56 Padded Archer Armor
27:22 Bow Saw
27:27 Heavy Plow
27:28 Pikeman
28:09 Squires
28:11 Gillnets
28:56 Scale Barding Armor
28:48 Bodkin Arrow
30:28 Stone Shaft Mining
30:07 Crossbowman
30:56 Thumb Ring
30:55 Squires
32:48 Hand Cart
34:20 Fortified Wall
34:02 Guard Tower
33:54 Treadmill Crane
39:13 Imperial Age
37:12 Husbandry
36:33 Light Cavalry
39:09 Bloodlines
38:54 Elite Skirmisher
40:15 Imperial Skirmisher
40:30 Capped Ram
40:53 Pikeman
44:21 Hoardings
47:16 Iron Casting
46:57 Chain Mail Armor
46:41 Murder Holes
46:52 Siege Engineers
46:59 Masonry
48:16 Onager
49:02 Long Swordsman
50:36 Chain Barding Armor
51:43 Chemistry
50:20 Two-Handed Swordsman
53:30 Two-Man Saw
53:04 Halberdier
69:55 Paper Money
73:58 Caravan
75:27 Bombard Tower
76:59 Plate Barding Armor
76:40 Chain Mail Armor
76:40 Leather Archer Armor
Connection lost

Rejoining the realm…

Still unreachable

The connection could not be restored.

Session expired

The server has moved on; the page needs a fresh start.